 Dungeon Crawl Stone Soup version 0.24.0-123-gd5b16e6ec5 (webtiles) character file.

Game seed: 6988674677854061156, levelgen mode: deterministic

50644 Amplified the Basher (level 14, -5/129 HPs)
             Began as a Red Draconian Abyssal Knight on Feb 6, 2020.
             Was a High Priest of Lugonu.
             Slain by a death yak (23 damage)
             ... on level 5 of the Lair of Beasts.
             The game lasted 00:39:20 (23682 turns).

Amplified the Basher (DrAK)                        Turns: 23682, Time: 00:39:21

Health: -5/129     AC: 14    Str: 16    XL:     14   Next: 20%
Magic:  22/22      EV: 17    Int: 13    God:    Lugonu [*****.]
Gold:   1073       SH:  0    Dex: 14    Spells: 13/13 levels left

rFire    + + .     SeeInvis +   u - +4 flail (crush)
rCold    . . .     Gourm    .   (no shield)
rNeg     + + +     Faith    +   (armour unavailable)
rPois    +         Spirit   .   (helmet restricted)
rElec    .         Reflect  .   r - +1 cloak "Owump" {-Cast rN+++}
rCorr    .         Harm     .   G - +2 pair of gloves
MR       +....     Clarity  +   s - +0 pair of boots Stlth +.........NoCast +
                                h - amulet of faith
HPRegen  0.31/turn              k - ring of see invisible
MPRegen  0.18/turn              j - ring of protection from fire

@: no status effects
A: breathe fire, unfitting armour, clarity, fire resistance 1, poison
resistance, cold-blooded, AC +8
a: Breathe Fire, Depart the Abyss, Bend Space, Banish, Corrupt, Enter the Abyss,
Renounce Religion


You were on level 5 of the Lair of Beasts.
You worshipped Lugonu.
Lugonu was extremely pleased with you.
You were not hungry.

You visited 3 branches of the dungeon, and saw 20 of its levels.
You visited the Abyss 1 time.
You also visited: Volcano.

You collected 1417 gold pieces.
You spent 344 gold pieces at shops.

Inventory:

Hand Weapons
 u - a +4 flail of crushing (weapon)
 C - a +2 longbow of flaming
 H - a +1 quick blade of flaming
Missiles
 d - 99 poisoned darts (quivered)
Armour
 i - a +1 buckler
 r - the +1 cloak "Owump" (worn) {-Cast rN+++}
   (You found it on level 5 of the Dungeon)

   It renders you almost immune to negative energy.
   It prevents spellcasting.
 s - a +0 pair of boots (worn)
 G - a +2 pair of gloves (worn)
Jewellery
 f - an uncursed ring of wizardry
 h - an amulet of faith (around neck)
 j - a ring of protection from fire (right hand)
 k - a ring of see invisible (left hand)
 z - an uncursed ring of magical power
 A - an uncursed ring of resist corrosion
 B - an uncursed amulet of the gourmand
 E - an uncursed ring of flight
Wands
 a - a wand of random effects (14)
 y - a wand of flame (34)
Scrolls
 e - a scroll of fog
 l - 12 scrolls of remove curse
 n - 2 scrolls of amnesia
 t - 3 scrolls of immolation
 D - 2 scrolls of vulnerability
Potions
 g - 2 potions of flight
 m - a potion of brilliance
 o - 3 potions of resistance
 q - a potion of ambrosia {unknown}
 v - 2 potions of cancellation
 x - 3 potions of mutation
Comestibles
 b - 23 rations


   Skills:
 * Level 13.5 Fighting
 * Level 13.7 Maces & Flails
 * Level 1.8 Bows
 - Level 7.7 Dodging
 - Level 6.0 Shields
 - Level 11.9 Invocations


You had 13 spell levels left.
You didn't know any spells.
Your spell library contained the following spells:

 Spells                   Type           Power        Failure   Level  Hunger
 Animate Skeleton         Necr           N/A          30%         1    ##.....
 Apportation              Tloc           #.....       30%         1    ##.....
 Confusing Touch          Hex            #.....       30%         1    ##.....
 Pain                     Necr           #...         30%         1    ##.....
 Summon Small Mammal      Summ           #...         30%         1    ##.....
 Call Imp                 Summ           #.......     43%         2    ###....
 Call Canine Familiar     Summ           #.......     67%         3    ####...
 Regeneration             Chrm/Necr      #.........   67%         3    ####...
 Summon Guardian Golem    Hex/Summ       #.......     67%         3    ####...
 Vampiric Draining        Necr           #.........   67%         3    ####...
 Animate Dead             Necr           N/A          97%         4    #####..
 Summon Ice Beast         Ice/Summ       #.......     97%         4    #####..
 Summon Lightning Spire   Summ/Air       #.......     97%         4    #####..
 Bolt of Magma            Conj/Fire/Erth #.........   100%        5    ######.
 Iskenderun's Battlesphe  Conj/Chrm      #.......     100%        5    ######.
 Venom Bolt               Conj/Pois      #.........   100%        5    ######.
 Iron Shot                Conj/Erth      #.........   100%        6    #######
 Orb of Destruction       Conj           #.........   100%        7    #######
 Spellforged Servitor     Conj/Summ      #.........   100%        7    #######


Dungeon Overview and Level Annotations

Branches:
Dungeon (13/15)            Temple (0/1) D:5            Lair (6/6) D:9
  Swamp (0/4) Lair:3       Spider (0/4) Lair:4        Slime (0/5) Lair:5
    Orc (1/2) D:11        Volcano (visited)
 Vaults: D:13-14

Altars:
Cheibriados
Elyvilon
Fedhas
Makhleb
Okawaru
Qazlal
Ru
Sif Muna
Trog
Wu Jian
Xom
Yredelemnul
The Shining One
Beogh
Jiyva

Shops:
D:11 [

Annotations:
Lair:3 exclusion: oklob plant, Fannar
Abyss:1 Joseph; Snorg


Innate Abilities, Weirdness & Mutations

You can breathe blasts of fire.
Your fiery red scales are hard. (AC +8)
You cannot fit into any form of body armour.
Your flesh is heat resistant. (rF+)
You are cold-blooded and may be slowed by cold attacks.
You possess an exceptional clarity of mind.
Your system is resistant to poisons. (rPois)


Message History

The death yak bellows! x2; You hear a bellow! x2
Okay, then.
Okay, then.
The death yak looks more healthy.
There is a large open door here.
Your magical contamination has completely faded away.
As you read the scroll of teleportation, it crumbles to dust.
You feel strangely unstable.
The death yak gores you but does no damage.
Unknown command.
Your surroundings seem slightly different.
The dream sheep misses you.
The death yak snorts and paws the ground.
The death yak gores you.
* * * LOW HITPOINT WARNING * * *
The death yak enters a dispersal trap!
The yak blinks!
The death yak blinks! x2
The yak blinks!
The dream sheep blinks!
The death yak blinks! x6
The yak blinks!
You blink.
The death yak blinks!
The death yak gores you!!
You die...

.. #..#...............#.......
#### #..#..######...............
...####..####... #...............
...'..'Y.'..'... #...............
...####..####.. #)..............
####..#..#Y.######...............
......#''#..§....§...####.#.P..##
.............§§.^.....#...###.###
.........YY...Y.@Y......P.....##.
.........Y..§....Y...###......##.
..........Y§....Y.....##......##.
........#.##.#.......###......###
..........##..........#.#.###..##
........##..##.....§.#...###.#...
........##>.##.......#..PP.#..#..
........Y.##....Y................
..#.###.#.##.#.#...#.#######P##.#


You could see 4 death yaks, 4 yaks and a dream sheep.

Vanquished Creatures
  A hydra (D:12)
  Erolcha (D:10)
  2 two-headed ogres
  2 death yaks (Lair:5)
  A sun demon (Volcano)
  Sonja (D:11)
  The ghost of SirRappy the Cleaver, a novice MiBe of Trog (D:7)
  An unseen horror (D:11)
  A cyclops (D:11)
  2 manticores (D:11)
  A deep elf mage (D:12)
  An orc sorcerer (Volcano)
  A guardian serpent (D:10)
  A black mamba (Lair:3)
  A gargoyle (Volcano)
  A molten gargoyle (Volcano)
  2 spiny frogs
  Psyche (D:9)
  3 komodo dragons
  A troll (D:10)
  A hornet (D:11)
  2 red devils (Volcano)
  A polar bear (Lair:5)
  7 hippogriffs
  8 blink frogs (Lair:5)
  2 meliai zombies (D:12)
  A shadow (D:12)
  A spriggan (Lair:5)
  A fire bat (Volcano)
  2 humans (Lair:5)
  27 yaks
  2 basilisks (Lair:2)
  Duvessa (D:6)
  6 water moccasins
  2 orc warriors
  14 porcupines
  5 ice beasts
  2 sky beasts
  A black bear (Lair:5)
  7 ogres
  An eye of draining (D:8)
  5 phantoms
  3 necrophages
  3 wolves (Lair:5)
  A centaur (D:7)
  9 crocodiles
  A big kobold (D:11)
  20 bullfrogs
  Dowan (D:6)
  5 scorpions
  3 killer bees (D:10)
  3 electric eels (Lair:1)
  4 bullfrog zombies
  5 crimson imps
  3 lava snakes (Volcano)
  A quasit (D:8)
  4 jellies
  5 orc priests
  6 hounds
  8 orc wizards
  A centaur skeleton (D:7)
  A gnoll shaman (D:9)
  3 bullfrog skeletons
  2 iguanas
  7 hell rats (Lair:3)
  7 worker ants
  A hound zombie (D:6)
  A mummy (D:12)
  3 worker ant zombies
  15 adders
  11 gnolls
  2 shadow imps
  An ooze (D:1)
  2 adder zombies
  5 worms
  3 dart slugs
  34 orcs
  3 ball pythons
  11 bats
  7 giant cockroaches
  6 goblins
  4 hobgoblins
  17 jackals
  11 quokkas
  2 frilled lizards
  11 kobolds
  A leopard gecko skeleton (D:8)
  3 rats
  A spectral orc (D:4)
386 creatures vanquished.

Vanquished Creatures (collateral kills)
  A warg (Orc:1)
  A hell hound (Volcano)
  A porcupine (Lair:4)
  An orc wizard (Orc:1)
  A gnoll (D:9)
  2 orcs (Orc:1)
7 creatures vanquished.

Vanquished Creatures (others)
  A hydra (Lair:4)
  A two-headed ogre (D:11)
  A deep elf mage (D:13)
  An ugly thing (D:11)
  A black mamba (Lair:1)
  A spiny frog (Lair:6)
  A rime drake (Lair:4)
  A yak (Lair:2)
  A hell hound (Volcano)
  A porcupine (D:9)
  3 orc warriors
  A scorpion (Lair:4)
  A lava snake (Volcano)
  An orc (D:10)
  32 fungi
  10 plants
  15 toadstools (Lair:3)
73 creatures vanquished.

Grand Total: 466 creatures vanquished

Notes
Turn   | Place    | Note
-------+----------+-------------------------------------------
     0 | Abyss:1  | Amplified the Draconian Abyssal Knight began the quest for
                  | the Orb.
     0 | Abyss:1  | Reached XP level 1. HP: 19/19 MP: 2/2
    46 | Abyss:1  | Noticed a vampire
    47 | D:1      | Escaped the Abyss
    75 | D:1      | Reached * piety under Lugonu
   405 | D:1      | Reached XP level 2. HP: 26/26 MP: 3/3
   845 | D:1      | Reached XP level 3. HP: 31/33 MP: 4/4
   870 | D:1      | You fall into a shaft and drop 1 floor!
   917 | D:2      | Reached ** piety under Lugonu
   997 | D:2      | Reached XP level 4. HP: 38/40 MP: 6/6
  1017 | D:2      | Found a glowing golden altar of the Shining One.
  1112 | D:2      | Found a shimmering blue altar of Sif Muna.
  1147 | D:2      | Found a faded altar of an unknown god.
  1489 | D:2      | Found an ornate altar of the Wu Jian Council.
  1834 | D:3      | Reached XP level 5. HP: 47/47 MP: 7/7
  1876 | D:3      | Noticed a sky beast
  1893 | D:3      | Gained mutation: You possess an exceptional clarity of
                  | mind. [potion of mutation]
  1893 | D:3      | Gained mutation: Your system is resistant to poisons.
                  | (rPois) [potion of mutation]
  2418 | D:3      | Reached *** piety under Lugonu
  3655 | D:4      | Noticed an ice beast
  3663 | D:4      | Killed an ice beast
  3663 | D:4      | Reached skill level 5 in Fighting
  3663 | D:4      | Reached XP level 6. HP: 37/56 MP: 7/9
  4030 | D:4      | Found a burning altar of Makhleb.
  4030 | D:4      | Noticed an Executioner
  4074 | D:4      | Found a basalt altar of Yredelemnul.
  4282 | D:4      | Your scales start taking on a fiery red colour.
  4282 | D:4      | Reached XP level 7. HP: 48/61 MP: 10/10
  4282 | D:4      | Gained mutation: Your flesh is heat resistant. (rF+) [Red
                  | Draconian growth]
  4451 | D:5      | Entered Level 5 of the Dungeon
  4467 | D:5      | Found a sacrificial altar of Ru.
  4574 | D:5      | Reached **** piety under Lugonu
  4635 | D:5      | Found a staircase to the Ecumenical Temple.
  4802 | D:5      | Got a brightly glowing cloak
  4808 | D:5      | Identified the +1 cloak "Owump" {-Cast rN+++} (You found it
                  | on level 5 of the Dungeon)
  4842 | D:5      | Found a white marble altar of Elyvilon.
  5114 | D:6      | Noticed Duvessa
  5115 | D:6      | Noticed Dowan
  5305 | D:6      | Reached skill level 5 in Invocations
  5627 | D:5      | Reached skill level 5 in Maces & Flails
  5989 | D:6      | Reached XP level 8. HP: 53/70 MP: 12/12
  6204 | D:6      | Killed Duvessa
  6211 | D:6      | Killed Dowan
  6893 | D:7      | Noticed Joseph
  6916 | D:7      | Banished Joseph
  7436 | D:7      | Found a runed translucent door.
  7439 | D:7      | Noticed SirRappy's ghost (novice MiBe)
  7445 | D:7      | Found a snail-covered altar of Cheibriados.
  7504 | D:7      | Reached XP level 9. HP: 64/80 MP: 14/14
  7960 | D:7      | Found an iron altar of Okawaru.
  8406 | D:8      | Reached ***** piety under Lugonu
  8767 | D:8      | Found a shimmering altar of Xom.
  8998 | D:8      | Noticed a two-headed ogre
  9011 | D:8      | Killed a two-headed ogre
  9011 | D:8      | Reached skill level 5 in Dodging
  9316 | D:9      | Reached XP level 10. HP: 20/91 MP: 16/16
  9589 | D:9      | Found a staircase to the Lair.
 10389 | D:9      | Noticed Psyche
 10397 | D:9      | Killed Psyche
 10735 | D:9      | Found a bloodstained altar of Trog.
 10820 | D:10     | Entered Level 10 of the Dungeon
 10820 | D:10     | Noticed a guardian serpent
 10823 | D:10     | Killed a guardian serpent
 10823 | D:10     | Reached skill level 10 in Fighting
 10917 | D:10     | Noticed Erolcha
 11412 | D:10     | Noticed Snorg
 11416 | D:10     | Banished Snorg
 11416 | D:10     | Reached skill level 10 in Invocations
 11466 | D:10     | Reached XP level 11. HP: 36/101 MP: 18/18
 11946 | Lair:1   | Entered Level 1 of the Lair of Beasts
 13640 | Lair:2   | Reached skill level 1 in Shields
 13711 | Lair:2   | Reached skill level 10 in Maces & Flails
 15555 | Lair:3   | Found a staircase to the Swamp.
 15921 | Lair:3   | Noticed Fannar
 16093 | Lair:4   | Noticed an eight-headed hydra
 16105 | Lair:4   | Banished an eight-headed hydra
 16463 | Lair:4   | Noticed a death yak
 16469 | Lair:4   | Found a hole to the Spider Nest.
 17011 | Lair:2   | Reached XP level 12. HP: 112/112 MP: 20/20
 17568 | D:7      | Killed SirRappy's ghost
 18059 | D:11     | Found Kewoewog's Antique Armour Shoppe.
 18059 | D:11     | Noticed a two-headed ogre
 18082 | D:11     | Noticed Sonja
 18164 | D:11     | Found a stormy altar of Qazlal.
 18191 | D:11     | Reached skill level 5 in Shields
 18211 | D:11     | Killed Sonja
 19123 | D:11     | Bought a pair of glowing gloves for 172 gold pieces
 19133 | D:11     | Bought a pair of runed gloves for 172 gold pieces
 19234 | D:11     | Found a staircase to the Orcish Mines.
 19552 | D:12     | Noticed a two-headed ogre
 19565 | D:12     | Killed a two-headed ogre
 19912 | D:12     | Noticed a seven-headed hydra
 19925 | D:12     | Killed a seven-headed hydra
 20375 | Orc:1    | Entered Level 1 of the Orcish Mines
 20426 | Orc:1    | Reached ****** piety under Lugonu
 20720 | Orc:1    | Found a roughly hewn altar of Beogh.
 20800 | Orc:1    | Noticed an orc high priest
 20894 | D:10     | Killed Erolcha
 21322 | Lair:3   | Found a blossoming altar of Fedhas.
 21695 | Lair:4   | Noticed a death yak
 21696 | Lair:4   | Noticed a death yak
 21697 | Lair:4   | Noticed a death yak
 21740 | Lair:5   | Noticed a death yak
 21743 | Lair:5   | Noticed a death yak
 21805 | Lair:6   | Entered Level 6 of the Lair of Beasts
 21805 | Lair:6   | Noticed a catoblepas
 21813 | Lair:6   | Noticed a catoblepas
 21832 | Lair:6   | Noticed an eight-headed hydra
 21937 | Lair:5   | Found a dark tunnel.
 21945 | Volcano  | Entered a volcano
 22266 | Volcano  | Found a radiant altar of Vehumet.
 22306 | Volcano  | Reached XP level 13. HP: 64/122 MP: 21/21
 22713 | Volcano  | Reached XP level 14. HP: 129/129 MP: 22/22
 23023 | Lair:5   | Found a viscous altar of Jiyva.
 23024 | Lair:5   | Found a staircase to the Slime Pits.
 23080 | Lair:5   | Reached skill level 1 in Bows
 23682 | Lair:5   | Slain by a death yak

Levels and vault maps discovered:
D:1:      minmay_arrival_radiant_lines, layout_basic
D:2:      layout_rooms, overflow_temple_1_default, lemuel_blue_sif_altar,
          overflow_temple_1_default, chequers_ecumenical_altar_twisty
D:3:      layout_basic
D:4:      layout_cave_pools, yredelemnul_forgotten_temple_becter,
          makhleb_altar_promises_db, first_ration, kennysheep_windowed_goal
D:5:      minmay_skewed_foursquare, layout_rooms,
          nicolae_dithmenos_through_a_glass_darkly,
          nicolae_overflow_hidden_temple, nicolae_overflow_crystal_walls,
          minmay_temple_entry_antechambers
D:6:      layout_basic, uniq_duvessa
D:7:      layout_loops_corners, overflow_temple_1_default, basic_altar,
          ebering_ghost_inner_flame, uniq_joseph
D:8:      layout_gridville, kennysheep_little_box, kennysheep_generic_room_6
D:9:      layout_loops_corners, lightli_temple_of_fire,
          due_lair_maze_entry_diamond, uniq_psyche
D:10:     layout_cave_pools, serial_glass, glass_columns_a, glass_columns_a,
          glass_columns_b, glass_columns_a, glass_columns_a,
          nrook_guardian_serpent_double, uniq_snorg, uniq_erolcha
D:11:     layout_loops_corners, orc_0_dummy, serial_shops,
          nicolae_shop_statue_plus, basic_altar, blue_anna_alchemist
          [blue_anna_fruit_fields, blue_anna_fruit_fields], uniq_sonja
D:12:     layout_roguey, serial_undead, serial_undead_c, serial_undead_d,
          serial_undead_b, serial_undead_e
D:13:     layout_irregular_city, grunt_vaults_entry_fortified
Lair:1:   layout_layer_cave, serial_bayou_lake_a
Lair:2:   wad_woods_pond, layout_regular_city, infiniplex_staircase_pool
Lair:3:   layout_chaotic_city, swamp_mist_pool, tgw_fedhas,
          serial_bayou_shore_b, uniq_fannar
Lair:4:   layout_cave_shapes, nicolae_spider_entry_non_spiders
Lair:5:   slaughterhouse, layout_regular_city, dpeg_slime_entry_enclosed_altar,
          nicolae_volcano_entry_lava_flow, chequers_serial_rivers_marsh,
          st_stairs_7, grunt_forest_stairs_clearing
Lair:6:   evilmike_catoblepas_cave, layout_big_grid, eino_house_with_fridge
Orc:1:    layout_caves, basic_altar, roderic_batcave, bh_open_orc_temple

Skill      XL: |  1  2  3  4  5  6  7  8  9 10 11 12 13 14 |
---------------+-------------------------------------------+-----
Fighting       | 4 5 6 7 9 10 11 13 | 13.5
Invocations    | 3 4 5 7 8 10 11 | 11.9
Maces & Flails | 3 4 5 6 7 9 10 11 13 | 13.7
Dodging        | 3 4 5 6 7 |  7.7
Shields        | 4 6 |  6.0
Bows           | 1 |  1.8

Action                   |  1- 3 |  4- 6 |  7- 9 | 10-12 | 13-15 || total
-------------------------+-------+-------+-------+-------+-------++-------
Melee: Mace              |    93 |    12 |       |       |       ||   105
       Tailslap          |     3 |    25 |    38 |   121 |    22 ||   209
       Flail             |       |    34 |   224 |   822 |   136 ||  1216
       Dagger            |       |   179 |   108 |       |       ||   287
Throw: Dart              |    15 |    20 |    44 |    50 |     2 ||   131
       Throwing net      |       |       |       |     1 |       ||     1
Invok: Depart the Abyss  |     1 |       |       |       |       ||     1
       Banish            |       |       |     2 |    17 |       ||    19
       Bend Space        |       |       |       |     2 |       ||     2
 Abil: Breathe Fire      |       |       |     2 |     9 |       ||    11
Evoke: Wand              |       |    10 |     2 |    61 |     2 ||    75
  Use: Scroll            |     1 |     9 |     8 |    24 |     3 ||    45
       Potion            |     1 |     2 |     7 |    14 |     3 ||    27
 Stab: Sleeping          |       |     1 |     2 |     2 |       ||     5
       Confused          |       |     1 |       |       |       ||     1
       Paralysed         |       |       |       |    12 |       ||    12
       Invisible         |       |       |       |       |     3 ||     3
  Eat: Chunk             |       |    11 |    14 |    13 |       ||    38
       Ration            |       |       |     1 |    12 |       ||    13
Armor: Skin              |    84 |    99 |   129 |   214 |    22 ||   548
Dodge: Dodged            |    83 |   205 |   272 |   600 |    82 ||  1242
Block: Buckler           |       |       |       |   167 |    12 ||   179
